 Dungeon Crawl Stone Soup version 0.20-a0-351-gc9b4002 (webtiles) character file.

56 xodi the Sneak (level 3, -1/23 HPs)
             Began as an Octopode Fire Elementalist on Dec 26, 2016.
             Slain by a jackal (3 damage)
             ... on level 2 of the Dungeon.
             The game lasted 00:03:40 (1488 turns).

xodi the Sneak (Octopode Fire Elementalist)         Turns: 1488, Time: 00:03:40

Health: -1/23      AC:  1    Str:  8    XL:     3   Next: 95%
Magic:  6/6        EV: 13    Int: 17    God:
Gold:   50         SH:  0    Dex: 12    Spells: 5/6 levels left

rFire  . . .     SeeInvis .       - Unarmed
rCold  . . .     Gourm    .     (no shield)
rNeg   . . .     Faith    .     (helmet restricted)
rPois  .         Spirit   .     (no amulet)
rElec  .         Reflect  .     (no ring)
rCorr  .         Harm     .     (no ring)
MR     .....                    (no ring)
Stlth  +++.......               (no ring)
                                (no ring)
                                (no ring)
                                (no ring)
                                (no ring)

@: no status effects
A: almost no armour, stealthy swim, amphibious, 8 rings, constrict 8, camouflage
1, gelatinous body 1
a: no special abilities


You were on level 2 of the Dungeon.
You were not hungry.

You visited 1 branch of the dungeon, and saw 2 of its levels.

You collected 50 gold pieces.

Inventory:

Scrolls
 c - a scroll of immolation {unknown}
 d - 2 scrolls of enchant armour {unknown}
 f - 2 scrolls of identify {unknown}
 g - a scroll of noise {unknown}
Potions
 e - a potion of curing {unknown}
Books
 a - a book of Flames

   Spells                             Type                      Level
   a - Flame Tongue                   Conjuration/Fire             1
   b - Throw Flame                    Conjuration/Fire             2
   c - Conjure Flame                  Conjuration/Fire             3
   d - Inner Flame                    Hexes/Fire                   3
   e - Sticky Flame                   Conjuration/Fire             4
   f - Fireball                       Conjuration/Fire             5
Comestibles
 b - 2 bread rations
 h - a slice of pizza
 i - a chunk of flesh


   Skills:
 * Level 1.4 Fighting
 * Level 2.5 Dodging
 + Level 3.5 Stealth
 * Level 1.8 Unarmed Combat
 - Level 2.0 Spellcasting
 - Level 1.0 Conjurations
 - Level 3.0 Fire Magic


You had 5 spell levels left.
You knew the following spells:

 Your Spells              Type           Power        Failure   Level  Hunger
a - Flame Tongue          Conj/Fire      #....        10%         1    #......


Dungeon Overview and Level Annotations

Branches:
Dungeon (2/15)

Altars:


Innate Abilities, Weirdness & Mutations

You cannot wear most types of armour.
You are very stealthy in the water. (Stealth+)
You are amphibious.
You can wear up to eight rings at the same time.
You can use your tentacles to constrict eight enemies at once.
Your skin changes colour to match your surroundings (Stealth+).
Your rubbery body absorbs attacks. (AC +1, EV +1)


Message History

You are too injured to fight recklessly!
You are too injured to fight recklessly!
You closely miss the hobgoblin. Your grab misses the hobgoblin.
You constrict the jackal, but do no damage.
The jackal closely misses you.
The jackal escapes!
The hobgoblin barely misses you.
You tentacle-slap the hobgoblin. You grab the hobgoblin.
The hobgoblin is moderately wounded.
You constrict the hobgoblin, but do no damage.
The jackal closely misses you. x2; The hobgoblin hits you.
You tentacle-slap the hobgoblin.
You kill the hobgoblin!
The jackal bites you. x2
* * * LOW HITPOINT WARNING * * *
The jackal bites you.
* * * LOW HITPOINT WARNING * * *
The jackal closely misses you. x2; The jackal bites you.
* * * LOW HITPOINT WARNING * * *
The jackal bites you.
You die...

###.###.#####...........
?...............#...#...
###.###.#####..##.#.#...
#.$..# #..##.#.รท#..
#....# #.....##<#.#
#...)# ##.#####...#
#.$..# #.##......#
#..h.# #.##......#
#h@h.# #.##.......
#....# #.....##. #....#
#...#.[## . .......
#...###.# .
(........#... ..#.
..........#.r. .###
#####.######.## #. #.#
#. # #.


You could see 3 jackals.

Vanquished Creatures
  An adder (D:2)
  A worm (D:1)
  A dart slug (D:1)
  2 leopard geckos
  2 giant cockroaches (D:1)
  5 hobgoblins
  3 jackals (D:2)
  2 bats (D:1)
  2 frilled lizards (D:1)
  7 goblins
  7 kobolds (D:1)
  5 rats
38 creatures vanquished.

Notes
Turn   | Place    | Note
-------+----------+-------------------------------------------
     0 | D:1      | xodi the Octopode Fire Elementalist began the quest for the Orb.
     0 | D:1      | Reached XP level 1. HP: 11/11 MP: 3/3
   364 | D:1      | Reached XP level 2. HP: 16/18 MP: 5/5
   452 | D:1      | Reached skill level 1 in Unarmed Combat
   482 | D:1      | Reached skill level 1 in Fighting
   811 | D:1      | Reached XP level 3. HP: 21/23 MP: 6/6
  1488 | D:2      | Slain by a jackal

Vault maps used:
D:1:      scummos_arrival_simple_fountains
D:2:      first_bread, minmay_pentomino_r4, uniq_natasha

Skill      XL: |  1  2 |
---------------+-------+-----
Unarmed Combat | 1 |  1.8
Fighting       | 1 |  1.4
Stealth        | 3 |  3.5
Dodging        | |  2.5
Spellcasting   | |  2.0
Conjurations   | |  1.0
Fire Magic     | |  3.0

Action                   || total
-------------------------++-------
Melee: Unarmed           ||   117
       Tentacles         ||    19
       Constrict         ||    35
       Punch             ||     1
 Stab: Sleeping          ||     5
       Distracted        ||     2
  Eat: Chunk             ||     2
Armor: Skin              ||     8
Dodge: Dodged            ||    73
